 Dungeon Crawl Stone Soup version 0.30-a0-778-g2ef04afb54 (webtiles) character file.

Game seed: 5675047976979237723

150 IdlyInterested the Cudgeller (level 5, 0/41 HPs)
             Began as a Demonspawn Fighter on Feb 16, 2023.
             Slain by Grinder (6 damage)
             ... on level 3 of the Dungeon.
             The game lasted 00:04:38 (1426 turns).

IdlyInterested the Cudgeller (Demonspawn Fighter)   Turns: 1426, Time: 00:04:39

Health: 0/41       AC:  9    Str: 19    XL:     5   Next: 10%
Magic:  5/5        EV: 10    Int: 15    God:
Gold:   138        SH:  0    Dex: 12    Spells: 4/4 levels left

rFire   . . .      SeeInvis .    a - +1 flail
rCold   . . .      Faith    .    (no shield)
rNeg    . . .      Spirit   .    b - +1 scale mail
rPois   .          Reflect  .    (no helmet)
rElec   .          Harm     .    (no cloak)
rCorr   .          Rampage  .    (no gloves)
Will    .....                    (no boots) Stlth
                                 (no amulet)
HPRegen 0.26/turn                h - +6 ring of intelligence
MPRegen 0.09/turn                (no ring)

@: brilliant
A: claws 1, sharp scales 2
a: no special abilities


You were on level 3 of the Dungeon.
You visited 1 branch of the dungeon, and saw 3 of its levels.

You collected 138 gold pieces.

Inventory:

Hand Weapons
 a - a +1 flail (weapon)
 m - the +3 short sword "Pazyba Eplu" {freeze, SInv}
   (You found it on level 2 of the Dungeon)

   SInv:      It lets you see invisible.
Armour
 b - a +1 scale mail (worn)
 c - a +0 buckler
Jewellery
 h - a +6 ring of intelligence (left claw)
Wands
 e - a wand of roots (13) (quivered)
Potions
 d - a potion of might
 f - a potion of haste
 g - a potion of magic


   Skills:
 - Level 3.0 Fighting
 * Level 4.2 Maces & Flails
 + Level 2.8 Armour
 - Level 1.0 Dodging
 - Level 1.0 Stealth
 - Level 2.6 Shields
 - Level 1.0 Unarmed Combat


You had 4 spell levels left.
You didn't know any spells.
Your spell library contained the following spells:

 Spells                   Type           Power      Damage    Failure   Level
 Ignite Poison            Fire/Tmut/Pois 0%         N/A       94%         3
 Sticky Flame             Conj/Fire      0%         2d3       100%        4
 Ignition                 Fire           0%         3d3       100%        8


Dungeon Overview and Level Annotations

Branches:
Dungeon (3/15)

Altars:

Annotations:
D:3 Grinder


Innate Abilities, Weirdness & Mutations

You have sharp fingernails.
You are mostly covered in razor-sharp scales. (AC +2, Slay +2)


Message History

The rat barely misses you.
You sock the rat!
You kill the rat!
Grinder comes into view.
Grinder shouts!
Found a potion of might.
Grinder gestures at you. You resist with significant effort.
You hit Grinder but do no damage. Grinder gestures at you.
You suddenly lose the ability to move!
Grinder hits you.
You writhe in agony.
You can move again.
You barely miss Grinder. Grinder barely misses you.
You barely miss Grinder. Grinder barely misses you.
You hit Grinder but do no damage. Grinder misses you.
Grinder says, "At least Makhleb appreciates what I'm doing."
Grinder barely misses you.
You hit Grinder.
Grinder is lightly wounded.
Grinder hits you.
You writhe in agony.
You closely miss Grinder.
Grinder is lightly wounded.
Grinder hits you but does no damage.
You closely miss Grinder.
Grinder is lightly wounded.
Grinder closely misses you.
You sock Grinder!
Grinder is moderately wounded.
Grinder hits you!
You writhe in agony.
You sock Grinder!
Grinder is heavily wounded.
Grinder hits you but does no damage. Grinder hits you.
You writhe in agony.
* * * LOW HITPOINT WARNING * * *
It was a potion of brilliance.
You feel clever all of a sudden. Grinder hits you.
* * * LOW HITPOINT WARNING * * *
You writhe in agony.
You die...

,*,,,,,,,,* *,*** *,*,****
*,********* *,,.# *,*,* * ,,,**
***.# *,*,* * ***,* *.# *,*,** *
* *,*************#!# *,,,,***
***,,,,,,,,,,,,,,..#####**,,,,,,,
...########****##.......,,,***,**
.......<..# #.....#***,,* *,,,
.....####.######@5...##**,,***,**
#..,,* #...............,,,,,,**
#,*,** ########.....###**,*,****
*,*,* #.....# *,*,,,,, *,*,*
##.#### *,****** *,*,* *.# *,*
,,*,* *.# *,* ***,* ***.# *,*
,,,,* *,,,* *,*****


You could see Grinder.

Vanquished Creatures
  Jessica (D:2)
  Natasha (thrice) (D:2)
  2 adders (D:2)
  2 dart slugs (D:1)
  3 endoplasms (D:1)
  A giant cockroach (D:2)
  2 goblins (D:1)
  A hobgoblin (D:1)
  2 jackals (D:1)
  5 kobolds
  A quokka (D:1)
  2 ball pythons
  3 bats (D:1)
  4 rats
32 creatures vanquished.

Notes
Turn   | Place    | Note
-------+----------+-------------------------------------------
     0 | D:1      | IdlyInterested the Demonspawn Fighter began the quest for
                  | the Orb.
     0 | D:1      | Reached XP level 1. HP: 18/18 MP: 1/1
    10 | D:1      | Reached skill level 2 in Maces & Flails
   169 | D:1      | Gained mutation: You are partially covered in razor-sharp
                  | scales. (AC +1, Slay +1) [demonic ancestry]
   169 | D:1      | Reached XP level 2. HP: 4/24 MP: 2/2
   343 | D:1      | Reached skill level 1 in Stealth
   679 | D:2      | Gained mutation: You have sharp fingernails. [demonic
                  | ancestry]
   679 | D:2      | Reached XP level 3. HP: 8/29 MP: 3/3
   680 | D:2      | Reached skill level 3 in Maces & Flails
   725 | D:2      | Identified the +3 short sword "Pazyba Eplu" {freeze, SInv}
   740 | D:2      | Noticed Jessica
   745 | D:2      | Killed Jessica
   746 | D:2      | Reached skill level 1 in Dodging
   813 | D:2      | Noticed Natasha
   817 | D:2      | Killed Natasha
   818 | D:2      | Reached XP level 4. HP: 17/35 MP: 4/4
   828 | D:2      | Noticed Natasha
   832 | D:2      | HP: 1/35 [white imp/puff of frost[Natasha] (11)]
   833 | D:2      | Killed Natasha
   834 | D:2      | Reached skill level 1 in Unarmed Combat
   967 | D:2      | Noticed Natasha
   979 | D:2      | Killed Natasha
   980 | D:2      | Reached skill level 4 in Maces & Flails
   980 | D:2      | Gained mutation: You are mostly covered in razor-sharp
                  | scales. (AC +2, Slay +2) [demonic ancestry]
   980 | D:2      | Reached XP level 5. HP: 11/41 MP: 5/5
  1166 | D:2      | Found a faded altar of an unknown god.
  1413 | D:3      | Noticed Grinder
  1416 | D:3      | Paralysed by Grinder for 2 turns
  1426 | D:3      | Slain by Grinder

Illustrated notes

Levels and vault maps discovered:
D:1:      saegor_arrival_simple_b, layout_rooms, minmay_misc_feat_tower,
          minmay_tromino_v4_c
D:2:      layout_rooms, shapermc_ecumenical_altar_mp_vishouse, uniq_natasha,
          uniq_jessica
D:3:      layout_loops_ring, nicolae_overflow_crystal_walls, uniq_grinder,
          uniq_robin

Skill      XL: |  1  2  3  4 |
---------------+-------------+-----
Maces & Flails | 2 3 4 |  4.2
Stealth        | 1 |  1.0
Dodging        | 1 |  1.0
Unarmed Combat | 1 |  1.0
Fighting       | |  3.0
Armour         | |  2.8
Shields        | |  2.6

Action                     |  1- 3 |  4- 6 || total
---------------------------+-------+-------++-------
  Melee: Flail             |    91 |    23 ||   114
    Use: Scroll            |     5 |     3 ||     8
         Potion            |       |     1 ||     1
 Armour: Scale mail        |    62 |     4 ||    66
  Dodge: Dodged            |    45 |    22 ||    67
  Block: Buckler           |    32 |       ||    32

Table legend: (Time is in decaauts)
 A = Elapsed time spent in this place.
 B = Non-inter-level travel time spent in this place.
 C = Inter-level travel time spent in this place.
 D = Time resting spent in this place.
 E = Time spent auto-exploring this place.
 F = Levels seen in this place.
 G = Mean time per level.
                   A        B        C        D        E       F      G
               +--------+--------+--------+--------+--------+-----+--------+
         Total |   1468 |   1394 |     74 |    432 |    544 |   3 |  489.3 |
       Dungeon |   1468 |   1394 |     74 |    432 |    544 |   3 |  489.3 |
               +--------+--------+--------+--------+--------+-----+--------+

Top non-repeatable levels by time:
     D:2: 722 daAuts
     D:1: 700 daAuts
     D:3: 45 daAuts
